AoeStats
← Yuhor28

Black Forest

510115089Analyzed
2v2 RM · 1d ago on Sep 29, 2026· 43m 5s· 4 players
Game mode
Random Map
Map size
Medium (4 player)
Population
200
Speed
Normal
Resources
Standard
Victory
Conquest
Starting age
Dark Age
Ending age
Imperial Age
RankedLock teamsTeams togetherTeam positionsShared explorationLock speedFull tech treeHidden civsTurbo modeCheats
Victory
Defeat
🇮🇹 Slavs · Italy
769
+14
🇹🇷 Italians · Türkiye
739
+15
🇵🇹 Britons · Portugal
725
-15
🇵🇹 Burmese · Portugal
723
-14
Tolan699
0:26 Loom
15:33 Feudal Age
16:03 Horse Collar
18:11 Wheelbarrow
25:03 Castle Age
25:39 Gold Mining
25:54 Heavy Plow
26:11 Hand Cart
27:08 Fletching
27:59 Stone Mining
34:09 Caravan
34:28 Bodkin Arrow
40:25 Imperial Age
39:44 Squires
39:04 Pikeman
40:59 Padded Archer Armor
41:07 Scale Barding Armor
41:45 Crop Rotation
42:14 Elite Arambai
42:21 Halberdier
43:39 Chain Barding Armor
Magnetick
0:26 Loom
14:38 Feudal Age
15:27 Double-Bit Axe
17:00 Horse Collar
19:23 Gold Mining
24:59 Castle Age
26:11 Fletching
26:22 Padded Archer Armor
26:33 Forging
26:24 Scale Mail Armor
28:26 Bow Saw
28:19 Heavy Plow
28:11 Stone Mining
29:00 Gold Shaft Mining
28:50 Fortified Wall
29:13 Pikeman
31:10 Arson
31:27 Squires
36:34 Imperial Age
34:05 Bodkin Arrow
35:10 Masonry
36:01 Ballistics
41:51 Two-Man Saw
slimshady7177
1:00 Loom
16:08 Feudal Age
22:50 Double-Bit Axe
22:49 Horse Collar
25:24 Castle Age
22:52 Man-at-Arms
24:21 Scale Mail Armor
26:52 Wheelbarrow
28:40 Caravan
30:09 Stone Mining
33:54 Gold Mining
34:32 Bow Saw
36:28 Gold Shaft Mining
39:12 Imperial Age
36:59 Hand Cart
36:54 Detinets
37:29 Squires
37:43 Forging
37:50 Long Swordsman
37:55 Pikeman
39:03 Heavy Plow
39:17 Scale Barding Armor
40:59 Two-Man Saw
39:28 Two-Handed Swordsman
41:41 Clinker Construction
41:48 Masonry
41:50 Fortified Wall
42:05 Conscription
43:06 Town Watch
42:44 Elite Boyar
42:59 Champion
Yuhor28
15:33 Feudal Age
21:36 Castle Age
19:44 Padded Archer Armor
19:35 Fletching
22:09 Scale Barding Armor
26:56 Chain Barding Armor
26:32 Bodkin Arrow
28:57 Double-Bit Axe
28:56 Horse Collar
29:41 Ballistics
34:59 Imperial Age
32:51 Bloodlines
32:42 Husbandry
33:02 Leather Archer Armor
35:03 Cavalier
36:59 Chemistry
36:32 Bracer
37:36 Ring Archer Armor
Connection lost

Rejoining the realm…

Still unreachable

The connection could not be restored.

Session expired

The server has moved on; the page needs a fresh start.